 Dungeon Crawl Stone Soup version 0.17.0-19-gb37c632 (console) character file.

31539 Kloppie the Cleaver (level 13, -4/124 HPs)
             Began as a Deep Dwarf Fighter on Nov 12, 2015.
             Was the Champion of Makhleb.
             Slain by a white ugly thing (9 damage)
             ... on level 11 of the Dungeon.
             The game lasted 00:36:33 (14599 turns).

Kloppie the Cleaver (Deep Dwarf Fighter)           Turns: 14599, Time: 00:36:34

Health: -4/124     AC: 22    Str: 23    XL:     13   Next: 26%
Magic:  6/6        EV:  7    Int:  5    God:    Makhleb [******]
Gold:   832        SH:  0    Dex: 22    Spells: 0 memorised, 12 levels left

rFire  + + .     SeeInvis .     s - +0 battleaxe
rCold  . . .     Clarity  .     U - +0 plate armour
rNeg   . . .     SustAt   .     (shield currently unavailable)
rPois  .         Gourm    .     (no helmet)
rElec  .         Spirit   .     r - +2 cloak
rCorr  .         Warding  .     B - +1 pair of gloves
rMut   +         Stasis   .     (no boots)
MR     +....                    D - amulet of resist mutation
Stlth  ..........               Z - ring of protection from fire
                                V - ring "Juuroa" {rF+ Int-4 Dex+8 Stlth+}

@: non-regenerating, somewhat resistant to hostile enchantments, extremely
unstealthy
A: damage resistance, recharge devices, sense surroundings 2, slow regeneration
3
a: Device Recharging, Minor Destruction, Lesser Servant of Makhleb, Major
Destruction, Greater Servant of Makhleb, Renounce Religion


You were on level 11 of the Dungeon.
You worshipped Makhleb.
Makhleb was exalted by your worship.
You were not hungry.

You visited 3 branches of the dungeon, and saw 19 of its levels.

You collected 832 gold pieces.

Inventory:

Hand Weapons
 a - a +1 war axe
 s - a +0 battleaxe (weapon)
Armour
 c - a +0 shield
 r - a +2 cloak (worn)
 B - a +1 pair of gloves (worn)
 U - a +0 plate armour (worn)
Jewellery
 m - an uncursed amulet of stasis
 v - an uncursed ring of sustain attributes
 C - an uncursed ring of protection from cold
 D - an amulet of resist mutation (around neck)
 V - the ring "Juuroa" (left hand) {rF+ Int-4 Dex+8 Stlth+}
   (You found it on level 11 of the Dungeon)

   [ring of protection from fire]

   It affects your intelligence (-4).
   It affects your dexterity (+8).
   It protects you from fire.
   It makes you more stealthy.
 Z - a ring of protection from fire (right hand)
Wands
 e - a wand of heal wounds (3)
 n - a wand of digging (10)
 Q - a wand of teleportation (0)
Scrolls
 h - 3 scrolls of remove curse
 i - 2 scrolls of enchant weapon
 j - 4 scrolls of amnesia
 o - a scroll of blinking
 q - 2 scrolls of identify
 y - a scroll of magic mapping
 H - 4 scrolls of fear
 P - 3 scrolls of fog
 X - a scroll of teleportation
 Y - 3 scrolls of recharging
Potions
 b - a potion of cancellation
 d - 5 potions of might
 g - 4 potions of invisibility
 p - 4 potions of curing
 z - 4 potions of heal wounds
 A - 5 potions of resistance
 E - 2 potions of lignification
 G - a potion of magic {unknown}
 I - 2 potions of berserk rage {unknown}
 K - 4 potions of degeneration {unknown}
 L - a potion of cure mutation {unknown}
 O - 2 potions of agility {unknown}
 R - a potion of poison {unknown}
Books
 k - a book of Transfigurations

   Spells                             Type                      Level
   a - Stoneskin                      Transmutation/Earth          2
   b - Irradiate                      Conjuration/Transmutation    5
   c - Statue Form                    Transmutation/Earth          6
   d - Hydra Form                     Transmutation                6
   e - Dragon Form                    Transmutation                7
 t - a book of Flames

   Spells                             Type                      Level
   a - Flame Tongue                   Conjuration/Fire             1
   b - Throw Flame                    Conjuration/Fire             2
   c - Conjure Flame                  Conjuration/Fire             3
   d - Inner Flame                    Hexes/Fire                   3
   e - Sticky Flame                   Conjuration/Fire             4
   f - Fireball                       Conjuration/Fire             5
Comestibles
 f - 10 bread rations
 l - 3 chunks of flesh
 u - a meat ration


   Skills:
 + Level 10.6 Fighting
 + Level 14.4 Axes
 + Level 13.2 Armour
 - Level 4.4 Shields
 - Level 10.3 Invocations


You had 12 spell levels left.
You didn't know any spells.

Dungeon Overview and Level Annotations

Branches:
Dungeon (11/15)            Temple (1/1) D:6            Lair (7/8) D:8
  Swamp (0/4) Lair:3       Spider (0/4) Lair:6
  Slime: Lair:6-8       Orc: D:9-12

Altars:
Ashenzari
Cheibriados
Dithmenos
Elyvilon
Fedhas
Gozag
Kikubaaqudgha
Makhleb
Nemelex Xobeh
Okawaru
Qazlal
Ru
Sif Muna
Trog
Vehumet
Xom
Yredelemnul
Zin
The Shining One
Jiyva

Shops:
D:4 [   D:9 }


Innate Abilities, Weirdness & Mutations

You are resistant to damage.
You can recharge devices by infusing magical energy.
You passively map the area around you.
You do not regenerate naturally.


Message History

* * * LOW HITPOINT WARNING * * *
The white ugly thing freezes you!!
* * * LOW HITPOINT WARNING * * *
Evoke which item? (* to show all) (? for menu, Esc to quit)
Zapping:
e - a wand of heal wounds (5)
Press: ? - help, Shift-Dir - straight line, f - you You feel much better.
This wand has 4 charges left.
The white ugly thing headbutts you!
* * * LOW HITPOINT WARNING * * *
The white ugly thing freezes you!!
* * * LOW HITPOINT WARNING * * *
Evoke which item? (* to show all) (? for menu, Esc to quit)
Zapping:
e - a wand of heal wounds (4)
Press: ? - help, Shift-Dir - straight line, f - you You feel much better.
This wand has 3 charges left.
The white ugly thing headbutts you. The white ugly thing freezes you!!
* * * LOW HITPOINT WARNING * * *
A demon appears!
You feel slightly more hungry. The white ugly thing headbutts you!
You die...

................ ,
..........$ .........######
+ *./..#########.
.........# , , ....# #.
.........## *....#, , #.
..........#,,, ,,*....#,, ,
#. ..........# , <...### *.
..........#, *....... ,
..........#########.......,
..####.........4@u........
, ### #...#################
* #...# #...# * #...# #...#
#####


You could see a white ugly thing and a friendly hellwing.

Vanquished Creatures
  A hydra (Lair:4)
  Erica (D:9)
  6 death yaks (Lair:6)
  An unseen horror (D:10)
  2 griffons (Lair:6)
  An ugly thing (D:11)
  2 cyclopes
  3 elephants (Lair:4)
  A gargoyle (D:11)
  6 spiny frogs
  2 fire drakes
  5 komodo dragons
  4 blink frogs (Lair:6)
  A two-headed ogre (D:11)
  Grinder (D:4)
  2 trolls
  A spriggan (Lair:4)
  2 deep elf magi
  2 wyverns
  A hungry ghost (D:8)
  18 yaks
  A steam dragon (D:11)
  3 basilisks
  Menkaure (D:4)
  5 hippogriffs
  14 porcupines
  6 swamp worms (Lair:3)
  5 water moccasins
  Duvessa (D:4)
  5 ice beasts
  6 wolves (Lair:6)
  6 ogres
  3 orc warriors
  3 sky beasts
  2 phantoms
  8 spiders (Lair:6)
  A black bear (D:6)
  The ghost of alpinistek the Chiller, an amateur NaIE (D:6)
  8 crocodiles
  3 centaurs
  Blork the orc (D:4)
  14 giant frogs
  Dowan (D:4)
  2 scorpions (D:10)
  2 electric eels
  9 killer bees
  29 wights
  4 crimson imps
  6 orc priests
  3 centaur skeletons
  2 giant frog skeletons
  8 iguanas
  6 hounds
  3 jellies
  Jessica (D:3)
  10 orc wizards
  A killer bee zombie (D:10)
  6 worker ants
  19 sheep
  A hound zombie (D:10)
  3 hound skeletons
  3 worker ant zombies
  52 river rats
  2 shadow imps
  17 adders
  3 oozes
  An adder zombie (D:6)
  3 worms (D:3)
  33 orcs
  6 ball pythons
  8 bats
  4 giant cockroaches
  8 goblins
  8 hobgoblins
  7 jackals
  6 kobolds
  4 quokkas
  7 giant geckos
  5 giant newts
  A jackal skeleton (D:6)
  A jackal zombie (D:8)
  A quokka zombie (D:9)
  3 rats
  2 fungi
  A plant (Lair:3)
462 creatures vanquished.

Vanquished Creatures (collateral kills)
  A hydra (Lair:1)
  2 elephants
  A blink frog (Lair:7)
  A wolf (Lair:7)
  A river rat (Lair:4)
6 creatures vanquished.

Vanquished Creatures (others)
  A centaur zombie (D:9)
  5 sheep (D:3)
  A river rat (Lair:1)
  An ooze (D:7)
  3 fungi
  3 plants
14 creatures vanquished.

Grand Total: 482 creatures vanquished

Notes
Turn   | Place    | Note
--------------------------------------------------------------
     0 | D:1      | Kloppie the Deep Dwarf Fighter began the quest for the Orb.
     0 | D:1      | Reached XP level 1. HP: 20/20 MP: 1/1
   210 | D:1      | Reached XP level 2. HP: 24/27 MP: 2/2
   836 | D:2      | Reached XP level 3. HP: 19/34 MP: 3/3
  1243 | D:2      | Reached skill level 4 in Armour
  1311 | D:2      | Reached XP level 4. HP: 13/42 MP: 4/4
  1561 | D:3      | Noticed Jessica
  1732 | D:3      | Reached XP level 5. HP: 47/50 MP: 5/5
  1800 | D:3      | Killed Jessica
  2134 | D:3      | Found a shimmering altar of Xom.
  2542 | D:4      | Noticed Menkaure
  2587 | D:4      | Killed Menkaure
  2587 | D:4      | Reached skill level 5 in Armour
  2587 | D:4      | Reached XP level 6. HP: 28/58 MP: 5/5
  2639 | D:4      | Noticed Blork the orc
  2654 | D:4      | Killed Blork the orc
  2654 | D:4      | Reached skill level 5 in Axes
  2706 | D:4      | Found a stormy altar of Qazlal.
  2957 | D:4      | Found Zaclonn's Antique Armour Shop.
  2988 | D:4      | Noticed Duvessa
  2990 | D:4      | Noticed Dowan
  2997 | D:4      | Killed Duvessa
  2997 | D:4      | Reached XP level 7. HP: 50/66 MP: 5/5
  3012 | D:4      | Killed Dowan
  3012 | D:4      | Reached skill level 5 in Fighting
  3324 | D:4      | Noticed Grinder
  3343 | D:4      | Paralysed by Grinder for 2 turns
  3355 | D:4      | Killed Grinder
  3355 | D:4      | Reached skill level 6 in Armour
  3509 | D:5      | Entered Level 5 of the Dungeon
  3660 | D:5      | Reached XP level 8. HP: 62/75 MP: 6/6
  3905 | D:5      | Found a basalt altar of Yredelemnul.
  3905 | D:5      | Found a shattered altar of Ashenzari.
  4042 | D:6      | Reached skill level 7 in Armour
  4160 | D:6      | Found a staircase to the Ecumenical Temple.
  4173 | Temple   | Entered the Ecumenical Temple
  4195 | Temple   | Became a worshipper of Makhleb the Destroyer
  4255 | D:6      | Noticed alpinistek's ghost (amateur NaIE)
  4262 | D:6      | Killed alpinistek's ghost
  4604 | D:7      | Found a viscous altar of Jiyva.
  4740 | D:7      | Gained mutation: You passively map the area around you. [Deep Dwarf growth]
  4740 | D:7      | Reached XP level 9. HP: 59/85 MP: 6/6
  4879 | D:7      | Reached skill level 8 in Armour
  4902 | D:7      | Reached * piety under Makhleb
  5779 | D:8      | Reached skill level 9 in Axes
  6063 | D:8      | You fall through a shaft for 3 floors!
  6069 | D:11     | Got a warped golden ring
  6071 | D:11     | Identified the ring "Juuroa" {rF+ Int-4 Dex+8 Stlth+} (You found it on level 11 of the Dungeon)
  6082 | D:11     | Noticed a centaur skeleton
  6096 | D:11     | Killed a centaur skeleton
  6108 | D:11     | Noticed a cyclops
  6119 | D:11     | Reached XP level 10. HP: 73/96 MP: 5/5
  6131 | D:11     | Reached ** piety under Makhleb
  6133 | D:11     | Killed a cyclops
  6322 | D:10     | Entered Level 10 of the Dungeon
  6394 | D:10     | Killed an unseen horror
  6394 | D:10     | Reached skill level 10 in Axes
  6394 | D:10     | Reached skill level 10 in Armour
  6566 | D:9      | Reached skill level 1 in Invocations
  6659 | D:8      | Found a staircase to the Lair.
  6681 | D:8      | Reached *** piety under Makhleb
  7217 | Lair:1   | Entered Level 1 of the Lair of Beasts
  7510 | Lair:1   | Reached skill level 11 in Axes
  7540 | Lair:1   | Reached skill level 5 in Invocations
  7643 | Lair:1   | Reached **** piety under Makhleb
  7681 | Lair:1   | Reached XP level 11. HP: 98/104 MP: 8/8
  7822 | Lair:1   | Found an iron altar of Okawaru.
  7830 | Lair:1   | Noticed a five-headed hydra
  7839 | Lair:1   | Killed a five-headed hydra
  9215 | Lair:3   | Reached skill level 12 in Axes
  9492 | Lair:3   | Reached ***** piety under Makhleb
  9731 | Lair:3   | Found a staircase to the Swamp.
  9811 | Lair:4   | Noticed a four-headed hydra
  9827 | Lair:4   | Killed a six-headed hydra
 10412 | Lair:4   | You fall through a shaft for 3 floors!
 10540 | Lair:7   | Reached XP level 12. HP: 28/112 MP: 11/11
 10566 | Lair:5   | Reached skill level 10 in Invocations
 10805 | Lair:4   | Reached skill level 13 in Axes
 12122 | Lair:6   | Found a hole to the Spider Nest.
 12373 | Lair:6   | Reached skill level 10 in Fighting
 12421 | Lair:6   | Reached skill level 14 in Axes
 13315 | D:9      | Found Safaox's Gadget Shoppe.
 13444 | D:9      | Reached XP level 13. HP: 94/123 MP: 7/7
 13702 | D:9      | Noticed a cyclops
 13714 | D:9      | Killed a cyclops
 13714 | D:9      | Reached ****** piety under Makhleb
 13795 | D:10     | Noticed Erica
 13824 | D:9      | Killed Erica
 14289 | D:11     | Noticed a cyan ugly thing
 14306 | D:11     | Killed a cyan ugly thing
 14377 | D:11     | Noticed a gargoyle
 14383 | D:11     | Killed a gargoyle
 14590 | D:11     | Noticed a white ugly thing
 14597 | D:11     | HP: 1/124 [white ugly thing (27)]
 14599 | D:11     | Slain by a white ugly thing

Action                   |  1- 3 |  4- 6 |  7- 9 | 10-12 | 13-15 || total
-------------------------+-------+-------+-------+-------+-------++-------
Melee: War axe           |   143 |   184 |   397 |  1063 |   118 ||  1905
       Battleaxe         |       |       |       |       |    95 ||    95
 Fire: Blowgun           |       |       |    15 |     2 |       ||    17
Invok: Lesser Servant of |       |       |       |     6 |     1 ||     7
       Minor Destruction |       |       |       |     3 |       ||     3
 Abil: Device Recharging |       |     2 |     3 |     8 |     1 ||    14
Evoke: Wand              |     1 |     8 |    11 |    39 |     3 ||    62
  Use: Scroll            |       |       |     2 |    19 |     1 ||    22
 Stab: Distracted        |       |       |       |     3 |       ||     3
  Eat: Chunk             |     1 |     6 |    13 |    22 |     5 ||    47
       Beef jerky        |       |       |     1 |     2 |       ||     3
       Bread ration      |       |       |     1 |       |       ||     1
